 Dungeon Crawl Stone Soup version 0.19-a0-1852-gc11d922 (webtiles) character file.

64 Deemzul the Skirmisher (level 4, -1/41 HPs)
             Began as a Hill Orc Fighter on Oct 11, 2016.
             Slain by a worm (6 damage)
             ... on level 3 of the Dungeon.
             The game lasted 00:01:34 (1448 turns).

Deemzul the Skirmisher (Hill Orc Fighter)           Turns: 1448, Time: 00:01:35

Health: -1/41      AC: 14    Str: 21    XL:     4   Next: 12%
Magic:  3/3        EV:  3    Int:  8    God:
Gold:   114        SH:  9    Dex: 11    Spells: 0 memorised, 3 levels left

rFire  . . .     SeeInvis .     a - +0 war axe
rCold  . . .     Gourm    .     l - +0 plate armour
rNeg   . . .     Faith    .     c - +0 shield
rPois  .         Spirit   .     (no helmet)
rElec  .         Dismiss  .     (no cloak)
rCorr  .         Reflect  .     e - +2 pair of gloves {Str+3}
MR     .....     Harm     .     (no boots)
Stlth  ..........               (no amulet)
                                (no ring)
                                (no ring)

@: no status effects
A: low mp 2, mutation resistance 1
a: no special abilities


You were on level 3 of the Dungeon.
You were near starving.

You visited 1 branch of the dungeon, and saw 3 of its levels.

You collected 114 gold pieces.

Inventory:

Hand Weapons
 a - a +0 war axe (weapon)
Missiles
 i - 4 poisoned tomahawks (quivered)
Armour
 c - a +0 shield (worn)
 e - a +2 pair of gloves of strength (worn)
 l - a +0 plate armour (worn)
Jewellery
 o - a cursed amulet of inaccuracy {unknown}
Scrolls
 h - a scroll of teleportation {unknown}
 j - a scroll of blinking {unknown}
 k - a scroll of fog {unknown}
 n - 4 scrolls of identify {unknown}
 p - a scroll of magic mapping {unknown}
 q - a scroll of noise {unknown}
Potions
 d - a potion of might
 r - 3 potions of curing {unknown}
 t - a potion of magic {unknown}
Comestibles
 f - 2 bread rations
 g - a meat ration
 m - a beef jerky
 s - 2 slices of pizza


   Skills:
 + Level 4.4 Fighting
 * Level 4.2 Axes
 + Level 3.9 Armour
 - Level 3.2 Shields


You had 3 spell levels left.
You didn't know any spells.

Dungeon Overview and Level Annotations

Branches:
Dungeon (3/15)

Altars:
Kikubaaqudgha


Innate Abilities, Weirdness & Mutations

Your magical capacity is very low. (-20% MP)
You are somewhat resistant to further mutation.


Message History

You are confused.
The orc hits you but does no damage. The worm bites you.
The orc wizard hits you but does no damage.
You bump into the rock wall.
The orc hits you but does no damage. The orc wizard hits you with a dagger.
You bump into the rock wall.
The orc hits you but does no damage.
You hit the worm.
The worm is lightly wounded.
The orc hits you from afar with a trident.
* * * LOW HITPOINT WARNING * * *
The worm bites you but does no damage.
You bump into the rock wall.
The orc hits you but does no damage. The worm bites you.
* * * LOW HITPOINT WARNING * * *
You bump into the rock wall.
The orc hits you but does no damage.
It was a potion of mutation.
You feel extremely strange.
You feel less energetic. x2; You feel genetically stable.
You feel less confused. The worm bites you.
You die...

#.#.# #.#.# ...... #.#.# .....
### #####.#.# .... ..####.....#.#
... #.#.......##)# # $.
#.#.##.##.##.# #.###...
#.#.#o##.##.##.# #...o#.#
#.#@wo....(....# #o#.#
#.###.##.##.#### #.#.# #.#
#.##.##.# #w#.# #.# #.......#
#.#.# #.# ####..### #.#####.#.#
#.# ###.###
#.......#.####.#####.._..########
######.)#..........#.#.#.........
#..w..............##########


You could see a worm, an orc wizard and an orc.

Vanquished Creatures
  A gnoll (D:1)
  2 adders (D:2)
  A worm (D:2)
  2 leopard geckos
  2 orcs (D:3)
  3 giant cockroaches (D:1)
  2 goblins
  4 hobgoblins
  3 bats
  A frilled lizard (D:1)
  5 kobolds (D:1)
  6 rats
32 creatures vanquished.

Notes
Turn   | Place    | Note
-------+----------+-------------------------------------------
     0 | D:1      | Deemzul the Hill Orc Fighter began the quest for the Orb.
     0 | D:1      | Reached XP level 1. HP: 19/19 MP: 1/1
   137 | D:1      | Reached XP level 2. HP: 27/27 MP: 2/2
   284 | D:1      | Reached XP level 3. HP: 14/33 MP: 3/3
   848 | D:2      | Reached XP level 4. HP: 41/41 MP: 4/4
  1051 | D:3      | Found an ancient bone altar of Kikubaaqudgha.
  1448 | D:3      | Gained mutation: Your magical capacity is low. (-10% MP) [potion of mutation]
  1448 | D:3      | Gained mutation: Your magical capacity is very low. (-20% MP) [potion of mutation]
  1448 | D:3      | Gained mutation: You are somewhat resistant to further mutation. [potion of mutation]
  1448 | D:3      | Slain by a worm

Vault maps used:
D:1:      nicolae_arrival_washed_ashore
D:3:      lemuel_coloured_pillars_altar, lemuel_crystal_altar,
          hangedman_glass_teeth

Skill      XL: |  1  2  3 |
---------------+----------+-----
Axes           | 3 4 |  4.2
Fighting       | 4 |  4.4
Armour         | |  3.9
Shields        | |  3.2

Action                   |  1- 3 |  4- 6 || total
-------------------------+-------+-------++-------
Melee: War axe           |    93 |    61 ||   154
  Use: Potion            |       |     1 ||     1
Armor: Scale mail        |     8 |       ||     8
       Plate armour      |    61 |    75 ||   136
Dodge: Dodged            |    20 |     8 ||    28
Block: Shield            |    42 |    23 ||    65
